 Dungeon Crawl Stone Soup version 0.28-a0-674-gdaf460b524 (webtiles) character file.

Game seed: 6911269477848132330

585 demibob the Protected (level 7, 0/56 HPs)
             Began as a Gnoll Wanderer on Oct 17, 2021.
             Was an Initiate of Okawaru.
             Killed by nerve-wracking pain
             ... invoked by a shadow imp
              (14 damage)
             ... on level 5 of the Dungeon.
             The game lasted 00:06:54 (4348 turns).

demibob the Protected (Gnoll Wanderer)              Turns: 4348, Time: 00:06:57

Health: 0/56       AC:  7    Str: 13    XL:     7   Next: 37%
Magic:  10/10      EV: 11    Int: 15    God:    Okawaru [......]
Gold:   94         SH:  0    Dex: 14    Spells: 10/10 levels left

rFire   . . .      SeeInvis .   a - +2 spear
rCold   . . .      Faith    .   (no shield)
rNeg    . . .      Spirit   .   c - +0 ring mail
rPois   .          Reflect  .   (no helmet)
rElec   .          Harm     .   (no cloak)
rCorr   .          Rampage  .   (no gloves)
Will    .....                   (no boots)
Stlth   ++........              (no amulet)
HPRegen 0.18/turn               I - +6 ring of intelligence
MPRegen 0.12/turn               L - ring of flight

@: flying
A: fangs 1, strong nose, distributed training
a: Renounce Religion


You were on level 5 of the Dungeon.
You worshipped Okawaru.
Okawaru was noncommittal.
You visited 1 branch of the dungeon, and saw 5 of its levels.

You collected 94 gold pieces.


Innate Abilities, Weirdness & Mutations

You have very sharp teeth.
Your uncanny sense of smell can sniff out nearby items.
Your experience applies equally to all skills.


   Skills:
 + Level 5.2 Fighting
 + Level 2.4 Short Blades
 + Level 2.4 Long Blades
 + Level 2.4 Axes
 + Level 2.4 Maces & Flails
 + Level 3.6 Polearms
 + Level 2.4 Staves
 + Level 2.4 Slings
 + Level 2.4 Bows
 + Level 2.4 Crossbows
 + Level 3.6 Throwing
 + Level 8.9 Armour
 + Level 2.4 Dodging
 + Level 4.9 Stealth
 + Level 2.4 Shields
 + Level 2.4 Unarmed Combat
 + Level 2.4 Spellcasting
 + Level 2.0 Conjurations
 + Level 2.0 Hexes
 + Level 2.0 Summonings
 + Level 2.0 Necromancy
 + Level 2.0 Translocations
 + Level 2.0 Transmutations
 + Level 2.0 Fire Magic
 + Level 2.0 Ice Magic
 + Level 2.0 Air Magic
 + Level 2.0 Earth Magic
 + Level 2.0 Poison Magic
 + Level 2.7 Invocations
 + Level 2.4 Evocations


You had 10 spell levels left.
You didn't know any spells.
Your spell library was empty.

Inventory:

Hand Weapons
 a - a +2 spear (weapon)
 d - a +0 dagger
 f - a +2 dagger of venom
Armour
 c - a +0 ring mail (worn)
Jewellery
 I - a +6 ring of intelligence (left hand)
 L - a ring of flight (right hand)
Wands
 b - a wand of iceblast (2)
Potions
 g - a potion of berserk rage {unknown}
 h - 3 potions of brilliance

Dungeon Overview and Level Annotations

Branches:
Dungeon (5/15)             Temple (0/1) D:4

Altars:
Ashenzari
Dithmenos
Okawaru
Qazlal
Uskayaw
Vehumet
Wu Jian
Zin
The Shining One

Annotations:
D:3 1 runed translucent door, Crazy Yiuf

∆ #...#...# #...##..#
#...##..# #...S..>#
##########.#####.#
#......5##5# .#
#.......)..# .S
##......5#### ..5
#.........@.# ....
#.†.........# .....
#...##.##########.##.(.
#...#..........<#
#####.........#.#
#.#########.# #........
#.# ######### #.# #.#


You could see a shadow imp.


Message History

* * * LOW HITPOINT WARNING * * *
Aiming: Iceblast
Press: ? - help, Shift-Dir - straight line The mass of ice explodes!
The iceblast engulfs the water moccasin.
You kill the water moccasin!
Okawaru accepts your kill.
Your Conjurations skill increases to level 2!
Your Hexes skill increases to level 2!
Your Summonings skill increases to level 2!
Your Necromancy skill increases to level 2!
Your Translocations skill increases to level 2!
Your Transmutations skill increases to level 2!
Your Fire Magic skill increases to level 2!
Your Ice Magic skill increases to level 2!
Your Air Magic skill increases to level 2!
Your Earth Magic skill increases to level 2!
Your Poison Magic skill increases to level 2!
You start resting.
A shadow imp is nearby!
You start resting.
A shadow imp is nearby!
You are too injured to fight recklessly!
Reach: a) +2 spear
Press: ? - help, Dir - move target, f - shadow imp
Aim: a shadow imp (about 37% to evade your +2 spear)
You reach to attack!
You barely miss the shadow imp. The shadow imp gestures at you.
Pain shoots through your body!
You die...

Skill      XL: |  1  2  3  4  5  6  7 |
---------------+----------------------+-----
Invocations    | 1 2 |  2.7
Short Blades   | 1 2 |  2.4
Long Blades    | 1 2 |  2.4
Axes           | 1 2 |  2.4
Maces & Flails | 1 2 |  2.4
Staves         | 1 2 |  2.4
Slings         | 1 2 |  2.4
Bows           | 1 2 |  2.4
Crossbows      | 1 2 |  2.4
Dodging        | 1 2 |  2.4
Shields        | 1 2 |  2.4
Unarmed Combat | 1 2 |  2.4
Spellcasting   | 1 2 |  2.4
Evocations     | 1 2 |  2.4
Conjurations   | 1 2 |  2.0
Hexes          | 1 2 |  2.0
Summonings     | 1 2 |  2.0
Necromancy     | 1 2 |  2.0
Translocations | 1 2 |  2.0
Transmutations | 1 2 |  2.0
Fire Magic     | 1 2 |  2.0
Ice Magic      | 1 2 |  2.0
Air Magic      | 1 2 |  2.0
Earth Magic    | 1 2 |  2.0
Poison Magic   | 1 2 |  2.0
Polearms       | 3 |  3.6
Throwing       | 3 |  3.6
Fighting       | 5 |  5.2
Armour         | |  8.9
Stealth        | |  4.9

Action                   |  1- 3 |  4- 6 |  7- 9 || total
-------------------------+-------+-------+-------++-------
Melee: Spear             |    98 |   172 |    36 ||   306
       Bite              |     6 |    20 |     6 ||    32
       Punch             |       |     1 |     1 ||     2
Throw: Dart              |       |     1 |     2 ||     3
Evoke: Wand              |       |     7 |     2 ||     9
  Use: Scroll            |     4 |     2 |       ||     6
       Potion            |       |     4 |     1 ||     5
 Stab: Sleeping          |     5 |     5 |     1 ||    11
Armor: Ring mail         |    30 |    49 |    11 ||    90
Dodge: Dodged            |    33 |    57 |    15 ||   105

Levels and vault maps discovered:
D:1:      erik_arrival_blinker_ship, layout_loops_corners
D:2:      layout_loops_ring
D:3:      layout_rooms, uniq_crazy_yiuf_cottage
D:4:      layout_gridville, gammafunk_temple_overflow_claw, minitemple,
          minmay_temple_entry_ruins, chequers_serial_rivers_marsh, uniq_sigmund,
          uniq_ijyb
D:5:      layout_basic, amethyst_killhole

Notes
Turn   | Place    | Note
-------+----------+-------------------------------------------
     0 | D:1      | demibob the Gnoll Wanderer began the quest for the Orb.
     0 | D:1      | demibob set off with the following items: a +2 spear, a
                  | potion of curing {@q1}, a +0 ring mail, a +0 dagger
     0 | D:1      | Reached XP level 1. HP: 20/20 MP: 1/1
   398 | D:1      | Reached XP level 2. HP: 26/26 MP: 2/2
  1180 | D:2      | Reached XP level 3. HP: 31/31 MP: 3/3
  1385 | D:2      | Reached skill level 1 in Invocations
  1981 | D:3      | Reached skill level 1 in Short Blades
  1981 | D:3      | Reached skill level 1 in Long Blades
  1981 | D:3      | Reached skill level 1 in Axes
  1981 | D:3      | Reached skill level 1 in Maces & Flails
  1981 | D:3      | Reached skill level 1 in Staves
  1981 | D:3      | Reached skill level 1 in Slings
  1981 | D:3      | Reached skill level 1 in Bows
  1981 | D:3      | Reached skill level 1 in Crossbows
  1981 | D:3      | Reached skill level 1 in Dodging
  1981 | D:3      | Reached skill level 1 in Shields
  1981 | D:3      | Reached skill level 1 in Unarmed Combat
  1981 | D:3      | Reached skill level 1 in Spellcasting
  1981 | D:3      | Reached skill level 1 in Evocations
  1981 | D:3      | Reached XP level 4. HP: 5/38 MP: 5/5
  2272 | D:3      | Reached skill level 1 in Conjurations
  2272 | D:3      | Reached skill level 1 in Hexes
  2272 | D:3      | Reached skill level 1 in Summonings
  2272 | D:3      | Reached skill level 1 in Necromancy
  2272 | D:3      | Reached skill level 1 in Translocations
  2272 | D:3      | Reached skill level 1 in Transmutations
  2272 | D:3      | Reached skill level 1 in Fire Magic
  2272 | D:3      | Reached skill level 1 in Ice Magic
  2272 | D:3      | Reached skill level 1 in Air Magic
  2272 | D:3      | Reached skill level 1 in Earth Magic
  2272 | D:3      | Reached skill level 1 in Poison Magic
  2301 | D:3      | HP: 3/38 [something (1)]
  2602 | D:2      | Reached XP level 5. HP: 20/43 MP: 6/6
  2956 | D:3      | Reached skill level 3 in Polearms
  2956 | D:3      | Reached skill level 3 in Throwing
  3084 | D:3      | Found a runed translucent door.
  3085 | D:3      | Noticed Crazy Yiuf
  3405 | D:4      | Found a glowing silver altar of Zin.
  3405 | D:4      | Noticed Sigmund
  3431 | D:4      | Found a radiant altar of Vehumet.
  3438 | D:4      | Found a glowing golden altar of the Shining One.
  3438 | D:4      | Found a hide-covered altar of Uskayaw.
  3438 | D:4      | Found an ornate altar of the Wu Jian Council.
  3438 | D:4      | Found a stormy altar of Qazlal.
  3470 | D:4      | Killed Sigmund
  3471 | D:4      | Reached skill level 5 in Fighting
  3471 | D:4      | Reached skill level 2 in Short Blades
  3471 | D:4      | Reached skill level 2 in Long Blades
  3471 | D:4      | Reached skill level 2 in Axes
  3471 | D:4      | Reached skill level 2 in Maces & Flails
  3471 | D:4      | Reached skill level 2 in Staves
  3471 | D:4      | Reached skill level 2 in Slings
  3471 | D:4      | Reached skill level 2 in Bows
  3471 | D:4      | Reached skill level 2 in Crossbows
  3471 | D:4      | Reached skill level 2 in Dodging
  3471 | D:4      | Reached skill level 2 in Shields
  3471 | D:4      | Reached skill level 2 in Unarmed Combat
  3471 | D:4      | Reached skill level 2 in Spellcasting
  3471 | D:4      | Reached skill level 2 in Invocations
  3471 | D:4      | Reached skill level 2 in Evocations
  3471 | D:4      | Reached XP level 6. HP: 42/51 MP: 7/9
  3655 | D:4      | Found a shadowy altar of Dithmenos.
  3655 | D:4      | Found a broken altar of Ashenzari.
  3656 | D:4      | Found an iron altar of Okawaru.
  3663 | D:4      | Became a worshipper of Warmaster Okawaru
  3783 | D:4      | Noticed Ijyb
  3794 | D:4      | Killed Ijyb
  4003 | D:4      | Found a staircase to the Ecumenical Temple.
  4030 | D:4      | Reached XP level 7. HP: 41/56 MP: 10/10
  4264 | D:5      | Entered Level 5 of the Dungeon
  4343 | D:5      | Reached skill level 2 in Conjurations
  4343 | D:5      | Reached skill level 2 in Hexes
  4343 | D:5      | Reached skill level 2 in Summonings
  4343 | D:5      | Reached skill level 2 in Necromancy
  4343 | D:5      | Reached skill level 2 in Translocations
  4343 | D:5      | Reached skill level 2 in Transmutations
  4343 | D:5      | Reached skill level 2 in Fire Magic
  4343 | D:5      | Reached skill level 2 in Ice Magic
  4343 | D:5      | Reached skill level 2 in Air Magic
  4343 | D:5      | Reached skill level 2 in Earth Magic
  4343 | D:5      | Reached skill level 2 in Poison Magic
  4348 | D:5      | Killed from afar by a shadow imp

Vanquished Creatures
  Sigmund (D:4)
  A water moccasin (D:5)
  A scorpion (D:4)
  2 orc priests
  Ijyb (D:4)
  2 orc wizards
  A hound skeleton (D:4)
  2 adders
  A worm (D:3)
  4 dart slugs
  12 orcs
  5 ball pythons
  7 endoplasms
  2 giant cockroaches
  3 goblins
  5 hobgoblins
  3 jackals (D:3)
  3 quokkas
  4 bats
  3 frilled lizards
  8 kobolds
  3 rats (D:3)
74 creatures vanquished.

Table legend: (Time is in decaauts)
 A = Elapsed time spent in this place.
 B = Non-inter-level travel time spent in this place.
 C = Inter-level travel time spent in this place.
 D = Time resting spent in this place.
 E = Time spent auto-exploring this place.
 F = Levels seen in this place.
 G = Mean time per level.
                   A        B        C        D        E       F      G
               +--------+--------+--------+--------+--------+-----+--------+
         Total |   4333 |   4189 |    144 |   1353 |   2140 |   5 |  866.6 |
       Dungeon |   4333 |   4189 |    144 |   1353 |   2140 |   5 |  866.6 |
               +--------+--------+--------+--------+--------+-----+--------+

Top non-repeatable levels by time:
     D:2: 1446 daAuts
     D:1: 1138 daAuts
     D:4: 859 daAuts
     D:3: 809 daAuts
     D:5: 80 daAuts

Table legend:
 A = Non-vault XP
 B = Vault XP
 C = Vault XP percentage of total XP
 D = Non-vault monster count
 E = Vault monster count
 F = Vault count percentage of total count
                 A         B        C        D         E       F
            +---------+---------+-------+---------+---------+-------
      Total |     571 |     266 |  31.8 |      72 |       2 |   2.7
            +---------+---------+-------+---------+---------+-------
        D:1 |      32 |       0 |   0.0 |      17 |       0 |   0.0
        D:2 |      68 |       0 |   0.0 |      12 |       0 |   0.0
        D:3 |     127 |       0 |   0.0 |      25 |       0 |   0.0
        D:4 |     186 |     266 |  58.8 |      15 |       2 |  11.8
        D:5 |     158 |       0 |   0.0 |       3 |       0 |   0.0
            +---------+---------+-------+---------+---------+-------
